 Dungeon Crawl Stone Soup version 0.31-a0-988-g08d55dae12 (webtiles) character file.

Game seed: 10860171468375296909

1624 Flugkiller the Ducker (level 8, 0/54 HPs)
             Began as an Octopode Shapeshifter on Nov 5, 2023.
             Was an Initiate of Ashenzari.
             Shot with an arrow by a centaur (9 damage)
             ... on level 6 of the Dungeon.
             The game lasted 00:08:00 (6037 turns).

Flugkiller the Ducker (Octopode Shapeshifter)       Turns: 6037, Time: 00:08:01

Health: 0/54       AC:  1    Str: 13    XL:     8   Next: 97%
Magic:  8/8        EV: 16    Int: 12    God:    Ashenzari [......]
Gold:   264        SH:  0    Dex: 14    Spells: 7/7 levels left

rFire   + .          .
                       - Unarmed
rCold   . . .        (no shield)
rNeg    . . .        (helmet currently unavailable)
rPois   .            k - amulet of faith
rElec   .            p - ring "Enlightened Elitism" {rF+, Comp, Melee} (curse)
rCorr   .            (no ring)
SInv    .            (no ring)
Will    .....        (no ring)
Stlth   +++          (no ring)
HPRegen 0.29/turn    (no ring)
MPRegen 0.11/turn    (no ring)
                     (no ring)

%: faith
@: beast-form
A: beast (slay +3), almost no armour, amphibious, 8 rings, camouflage 1,
gelatinous body 1, (nimble swimmer 1), tentacles
a: Begin Untransformation, Renounce Religion, Shatter the Chains


You were on level 6 of the Dungeon.
You worshipped Ashenzari.
Ashenzari was noncommittal.
You were a hulking beast.
You visited 1 branch of the dungeon, and saw 6 of its levels.

You collected 329 gold pieces.
You spent 65 gold pieces at shops.

Inventory:

Hand Weapons
 d - a +1 sling of flaming
   (You found it on level 5 of the Dungeon)
Missiles
 g - 2 throwing nets
Jewellery
 k - an amulet of faith (around mantle)
   (You found it on level 5 of the Dungeon)
 p - the cursed ring "Enlightened Elitism" (left tentacle) {rF+, Comp, Melee}
   (You found it on level 2 of the Dungeon)

   [ring of protection from fire]

   rF+:       It protects you from fire.
   It has a curse which improves the following skills: Companions: Summonings
   and Necromancy.
   Melee Combat: Short Blades, Long Blades, Axes, Maces & Flails, Polearms,
   Staves and Unarmed Combat.
Talismans
 b - a beast talisman
 c - a flux talisman
Wands
 j - a wand of iceblast (4)
   (You found it on level 4 of the Dungeon)
Scrolls
 i - a scroll of poison
 l - a scroll of vulnerability
 t - 3 scrolls of teleportation
 z - a scroll of blinking
Potions
 a - a potion of lignification
 e - a potion of magic {unknown}
 f - a potion of enlightenment
 h - a potion of haste
 m - 2 potions of degeneration {unknown}
 q - 2 potions of curing
 w - a potion of heal wounds


   Skills:
 - Level 4.0 Fighting
 + Level 6.9 Dodging
 - Level 2.0 Stealth
 + Level 6.0(6.4) Unarmed Combat
 + Level 5.8 Shapeshifting


You had 7 spell levels left.
You didn't know any spells.
Your spell library contained the following spells:

 Spells                   Type           Power      Damage    Failure   Level
 Blink                    Tloc           0%         N/A       45%         2
 Lesser Beckoning         Tloc           0%         N/A       45%         2
 Momentum Strike          Conj/Tloc      0%         3d8       45%         2
 Scorch                   Fire           0%         2d5       45%         2
 Hailstorm                Conj/Ice       0%         3d3       69%         3
 Inner Flame              Hex/Fire       0%         N/A       69%         3
 Flame Wave               Conj/Fire      0%         2d4       97%         4
 Sticky Flame             Conj/Fire      0%         2d3       97%         4
 Summon Ice Beast         Ice/Summ       0%         N/A       97%         4
 Simulacrum               Ice/Necr       0%         N/A       100%        6
 Summon Cactus Giant      Summ           0%         N/A       100%        6


Dungeon Overview and Level Annotations

Branches:
Dungeon (6/15) Zot: 26231  Temple (0/1) D:5

Altars:
Ashenzari

Shops:
D:2 !   D:5 =


Innate Abilities, Weirdness & Mutations

You are a hulking beast.
Your limbs bulge with bestial killing power. (Slay +3)
You cannot wear most types of armour.
You are amphibious.
You can wear up to eight rings at the same time.
Your skin changes colour to match your surroundings (Stealth+).
Your rubbery body absorbs attacks. (AC +1, EV +1)
((You are camouflaged when in or above water. (Stealth+)))
You have tentacles for arms and can constrict up to eight enemies at once.


Message History

No target in view!
No target in view!
No target in view!
You start resting.
HP restored.
Found a stone staircase leading down.
A scorpion comes into view.
A scorpion is nearby!
The scorpion stings you.
You are poisoned.
The scorpion poisons you!
You barely miss the scorpion. You grab the scorpion.
You constrict the scorpion, but do no damage.
You feel very sick. The scorpion stings you!
You are more poisoned.
The scorpion poisons you!
You tentacle-slap the scorpion.
The scorpion is moderately wounded.
You constrict the scorpion.
You feel very sick. The scorpion misses you.
You bludgeon the scorpion!
The scorpion is severely wounded.
You constrict the scorpion.
You feel very sick. The scorpion stings you. The scorpion barely misses you.
You are too injured to fight recklessly!
You are too injured to fight recklessly!
You are too injured to fight recklessly!
You are too injured to fight recklessly!
You are too injured to fight recklessly!
A scorpion is nearby!
A scorpion is nearby!
Unknown command.
You bludgeon the scorpion!
You kill the scorpion!
You feel very sick.
You start resting.
You feel sick. x8
You are no longer poisoned.
You start resting.
HP restored.
A centaur comes into view.
Found a dagger.
The centaur shouts!
You hear a shout!
The centaur wields a +0 shortbow.
The centaur shoots an arrow.
The arrow hits you.
The centaur shoots an arrow.
The arrow completely misses you.
You hear an angry buzzing noise.
The centaur shoots an arrow.
The arrow hits you!
The centaur shoots an arrow.
The arrow barely misses you.
There is a stone staircase leading up here.
The centaur shoots an arrow.
The arrow barely misses you.
You climb upwards.
There is a stone staircase leading down here.
You start resting.
HP restored.
You climb downwards.
The vampire mosquito buzzes angrily.
There is a stone staircase leading up here.
You bludgeon the vampire mosquito! Your grab misses the vampire mosquito.
The vampire mosquito is moderately damaged.
The vampire mosquito misses you.
The vampire mosquito closely misses you.
You closely miss the vampire mosquito. You grab the vampire mosquito.
The vampire mosquito is moderately damaged.
You constrict the vampire mosquito, but do no damage.
The vampire mosquito barely misses you. x2
You tentacle-slap the vampire mosquito.
The vampire mosquito is heavily damaged.
You constrict the vampire mosquito. The vampire mosquito bites you!
The vampire mosquito draws strength from your injuries!
The vampire mosquito bites you!
The vampire mosquito draws strength from your injuries!
You bludgeon the vampire mosquito! You squeeze the vampire mosquito.
The vampire mosquito is moderately damaged.
You constrict the vampire mosquito.
The vampire mosquito completely misses you.
You bludgeon the vampire mosquito! You squeeze the vampire mosquito.
The vampire mosquito is severely damaged.
You constrict the vampire mosquito. The vampire mosquito barely misses you.
The vampire mosquito bites you.
The vampire mosquito draws strength from your injuries!
You are too injured to fight recklessly!
You are too injured to fight recklessly!
You tentacle-slap the vampire mosquito.
The vampire mosquito is almost destroyed.
You constrict the vampire mosquito. The vampire mosquito bites you.
The vampire mosquito draws strength from your injuries!
The vampire mosquito bites you.
The vampire mosquito draws strength from your injuries!
You bludgeon the vampire mosquito!
You destroy the vampire mosquito!
Your Unarmed Combat skill increases to level 6!
The centaur shoots an arrow.
The arrow hits you.
The centaur shoots an arrow.
The arrow hits you!
* * * LOW HITPOINT WARNING * * *
There is a stone staircase leading up, spattered with blood here.
The centaur shoots an arrow.
The arrow hits you!
You die...

.........##...<....###
..........#........#
............##.#..##
..........#....####
..............#####
..§#..........##..###
#....)............#.## ####
##................#..###..#
..........##....h...c##...#
#..####...###.....#.......##
......#####.......###......#
#......#####...#.###.......#
†.......#......#..#........#
..................#.....c.##
........#.#..###......#...†#
#......####...###..........#
#........ ##..............##


You could see a centaur.

Vanquished Creatures
  A vampire mosquito (D:6)
  4 water moccasins
  A centaur (D:6)
  2 phantoms
  5 scorpions
  An orc priest (D:4)
  A gnoll bouda (D:5)
  3 orc wizards
  4 iguanas (D:5)
  Robin (D:4)
  7 gnolls
  4 adders
  A white imp (D:6)
  2 ufetubi (D:5)
  4 worms
  6 dart slugs
  22 orcs
  10 ball pythons
  7 endoplasms
  3 giant cockroaches
  12 goblins
  12 hobgoblins
  10 jackals
  8 kobolds
  6 quokkas
  5 bats
  3 frilled lizards (D:2)
  6 rats
151 creatures vanquished.

Notes
Turn   | Place    | Note
-------+----------+-------------------------------------------
     0 | D:1      | Flugkiller the Octopode Shapeshifter began the quest for
                  | the Orb.
     0 | D:1      | Reached XP level 1. HP: 13/13 MP: 1/1
    24 | D:1      | Reached XP level 2. HP: 15/18 MP: 2/2
   282 | D:1      | Reached XP level 3. HP: 20/23 MP: 3/3
   486 | D:1      | Reached skill level 1 in Stealth
   657 | D:2      | Found Ennah's Distillery.
   665 | D:2      | Bought a potion of heal wounds for 65 gold pieces
  1044 | D:2      | Reached XP level 4. HP: 22/29 MP: 4/4
  1936 | D:3      | Reached XP level 5. HP: 29/34 MP: 5/5
  1945 | D:3      | Found a broken altar of Ashenzari.
  1970 | D:3      | You fall into a shaft and drop 2 floors!
  1970 | D:5      | Entered Level 5 of the Dungeon
  2221 | D:5      | Noticed a water moccasin
  2276 | D:5      | Noticed a water moccasin
  2470 | D:5      | Noticed a phantom
  2808 | D:3      | Became a worshipper of Ashenzari the Shackled
  2861 | D:4      | Noticed Robin
  3139 | D:3      | Reached XP level 6. HP: 22/39 MP: 6/6
  3251 | D:4      | Killed Robin
  3788 | D:4      | Identified the +5 whip of World's End {heavy, Int+6}
  4058 | D:5      | Reached skill level 5 in Dodging
  4126 | D:5      | Found a staircase to the Ecumenical Temple.
  4215 | D:5      | Found Seom's Jewellery Shop.
  4241 | D:5      | Killed a water moccasin
  4242 | D:5      | Reached XP level 7. HP: 29/45 MP: 7/7
  4782 | D:5      | Reached XP level 8. HP: 42/52 MP: 8/8
  5108 | D:5      | Reached skill level 5 in Unarmed Combat
  5399 | D:6      | Reached skill level 5 in Shapeshifting
  6037 | D:6      | Shot with an arrow by a centaur

Illustrated notes

Levels and vault maps discovered:
D:1:      dpeg_arrival_shrine, layout_basic
D:2:      layout_basic, serial_shops, nicolae_shop_stone
D:3:      layout_rooms, nicolae_ashenzari_panopticon
D:4:      layout_rooms, serial_corexii_hall, corexii_hall_statues_l,
          corexii_hall_statues_u, chequers_hall_statues_corner_a,
          chequers_hall_statues_corner_a, uniq_robin
D:5:      layout_basic, minmay_temple_entry_glassed_door,
          minmay_shop_enchanted_jewellery, hangedman_decor_opposing,
          chequers_serial_rivers_micro_c
D:6:      layout_cave_pools, minmay_manual_monstrance, uniq_eustachio

Skill      XL: |  1  2  3  4  5  6  7  8 |
---------------+-------------------------+-----
Unarmed Combat | 4 6 |  6.0
Stealth        | 1 2 |  2.0
Fighting       | 2 3 4 |  4.0
Shapeshifting  | 4 5 |  5.8
Dodging        | 3 5 6 |  6.9

Action                     |  1- 3 |  4- 6 |  7- 9 || total
---------------------------+-------+-------+-------++-------
  Melee: Unarmed           |    77 |   183 |    84 ||   344
         Constrict         |    18 |    55 |    17 ||    90
         Tentacles         |    12 |    43 |    21 ||    76
         Punch             |     2 |     5 |     4 ||    11
 Invoke: Curse Item        |       |     1 |       ||     1
    Use: Scroll            |       |     6 |     1 ||     7
   Stab: Sleeping          |     6 |     6 |     2 ||    14
         Distracted        |       |     1 |       ||     1
 Armour: Skin              |    28 |    72 |    53 ||   153
  Dodge: Dodged            |    37 |   111 |    50 ||   198

Table legend: (Time is in decaauts)
 A = Elapsed time spent in this place.
 B = Non-inter-level travel time spent in this place.
 C = Inter-level travel time spent in this place.
 D = Time resting spent in this place.
 E = Time spent auto-exploring this place.
 F = Levels seen in this place.
 G = Mean time per level.
                   A        B        C        D        E       F      G
               +--------+--------+--------+--------+--------+-----+--------+
         Total |   6017 |   5745 |    272 |   1541 |   2760 |   6 | 1002.8 |
       Dungeon |   6017 |   5745 |    272 |   1541 |   2760 |   6 | 1002.8 |
               +--------+--------+--------+--------+--------+-----+--------+

Top non-repeatable levels by time:
     D:5: 1882 daAuts
     D:3: 1148 daAuts
     D:2: 965 daAuts
     D:4: 892 daAuts
     D:1: 651 daAuts
     D:6: 476 daAuts
